[Event "Titled Tuesday Blitz December 27 Early 2022"]
[White "Tharushi, T H D Niklesha"]
[Black "Haraguchi, Diego Sashaki"]
[WhiteFideId "9918264"]
[BlackFideId "22729925"]
[WhiteElo "1570"]
[BlackElo "2015"]
[Result "0-1"]
[Round "07"]
[TimeControl "180+2"]
[Date "2022.12.27"]
[WhiteClock "0:01:28"]
[BlackClock "0:01:22"]

1. e4 c5 2. Nf3 d6 3. Bb5+ Nd7 4. a4 Nf6 5. Nc3 g6 6. O-O Bg7 7. a5 O-O 8. d4 cxd4 9. Nxd4 Nc5 10. f3 b6 11. Nc6 Qc7 12. a6 Bxa6 13. Nxe7+ Qxe7 14. Bxa6 Nxa6 15. Rxa6 Qb7 16. Ra1 d5 17. Nxd5 Rfd8 18. Nxf6+ Bxf6 19. Qe2 Rac8 20. c3 b5 21. Be3 a6 22. Rad1 b4 23. c4 Qc7 24. c5 a5 25. b3 Be5 26. f4 Bc3 27. e5 Qc6 28. Qf3 Qe6 29. Qh3 Qxh3 30. gxh3 a4 31. bxa4 b3 32. Rb1 Rd3 33. Bf2 b2 34. Kg2 Ra8 35. c6 Rc8 36. Bd4 Bxd4 37. Rf3 Rxf3 38. Kxf3 Rxc6 39. Ke4 Rc1 40. Kxd4 Rxb1 41. Kc3 Ra1 42. Kxb2 Rxa4 43. Kb3 Rxf4 44. Kc3 Re4 45. Kd3 Rxe5 46. Kd4 Re2 47. Kd3 Re6 48. h4 h5 49. h3 Kg7 50. Kd4 Kf6 51. Kd5 Kf5 52. Kd4 Kf4 53. Kd5 Kg3 54. Kd4 Kxh3 55. Kd5 Kxh4 56. Kd4 Kg3 57. Kd5 h4 58. Kd4 h3 59. Kd5 h2 60. Kd4 0-1


[Site "https://www.chess.com"]

[Event "Titled Tuesday Blitz December 27 Early 2022"]
[White "Tomb, Maroun"]
[Black "Saleem, Arshaq"]
[WhiteFideId "5300398"]
[BlackFideId "2081857"]
[WhiteElo "2090"]
[BlackElo "2133"]
[Result "1-0"]
[Round "07"]
[TimeControl "180+2"]
[Date "2022.12.27"]
[WhiteClock "0:00:58"]
[BlackClock "0:00:02"]

1. e4 c5 2. Ne2 Nf6 3. Nbc3 d5 4. exd5 Nxd5 5. Nxd5 Qxd5 6. d4 Nc6 7. Nc3 Qxd4 8. Be3 Qb4 9. Qd2 e6 10. O-O-O Be7 11. a3 Qa5 12. Nb5 Qxd2+ 13. Rxd2 O-O 14. g3 a6 15. Nd6 Rd8 16. Bxc5 b6 17. Bg2 Bd7 18. Bxb6 Rf8 19. Nxf7 Rxf7 20. Rxd7 Bg5+ 21. f4 Rxd7 22. Bxc6 Bd8 23. Bxd7 Bxb6 24. Bxe6+ Kf8 25. b4 Re8 26. f5 a5 27. Kb2 Bd4+ 28. c3 Bb6 29. Kb3 axb4 30. axb4 Ke7 31. c4 Bc7 32. c5 Kf6 33. Kc4 Be5 34. g4 h6 35. h3 Rd8 36. Bd5 Bf4 37. Re1 Be5 38. b5 Rc8 39. b6 Rb8 40. Kb5 Bf4 41. Re6+ Kg5 42. Rg6+ Kh4 43. Rxg7 Kxh3 44. c6 Be3 45. b7 Bf4 46. c7 1-0


[Site "https://www.chess.com"]

[Event "Titled Tuesday Blitz December 27 Early 2022"]
[White "Torres Dominguez, David"]
[Black "Tymrakiewicz, Rafal"]
[WhiteFideId "2220857"]
[BlackFideId "1108832"]
[WhiteElo "1994"]
[BlackElo "2144"]
[Result "1-0"]
[Round "07"]
[TimeControl "180+2"]
[Date "2022.12.27"]
[WhiteClock "0:00:15"]
[BlackClock "0:00:07"]

1. e4 Nf6 2. Nc3 d5 3. d3 e5 4. Bg5 Bb4 5. exd5 Qxd5 6. Nf3 Nc6 7. Be2 h6 8. Bxf6 gxf6 9. O-O Qe6 10. d4 Qf5 11. Bd3 Qh5 12. Nd5 Be7 13. Nxc7+ Kf8 14. Nxa8 Rg8 15. d5 Bh3 16. Ne1 Bg4 17. f3 Bc5+ 18. Kh1 Bd7 19. dxc6 Bxc6 20. Be4 Bb5 21. Nd3 Be3 22. Nc7 Bd7 23. Nxe5 Qxe5 24. Qxd7 Kg7 25. Rae1 Qh5 26. Rxe3 Kh8 27. Qd6 Qg5 28. Re2 f5 29. Qd4+ Kh7 30. Bxf5+ Qxf5 31. Qe4 Kg6 32. Qxf5+ Kxf5 33. Nd5 Rc8 34. Ne7+ Kf4 35. Nxc8 f5 36. Re6 h5 37. g3+ Kg5 38. h4# 1-0


[Site "https://www.chess.com"]

[Event "Titled Tuesday Blitz December 27 Early 2022"]
[White "Turzo, Attila"]
[Black "Matinian, Nikita"]
[WhiteFideId "704954"]
[BlackFideId "24129100"]
[WhiteElo "2279"]
[BlackElo "2407"]
[Result "1/2-1/2"]
[Round "07"]
[TimeControl "180+2"]
[Date "2022.12.27"]
[WhiteClock "0:00:07"]
[BlackClock "0:00:05"]

1. d4 Nf6 2. c4 e6 3. Nf3 Bb4+ 4. Bd2 a5 5. e3 b6 6. Bd3 Bb7 7. O-O O-O 8. a3 Bxd2 9. Nbxd2 d6 10. b3 Nbd7 11. b4 e5 12. d5 Qe7 13. e4 Nh5 14. g3 g6 15. Nh4 Ng7 16. Qc2 Ra7 17. Ng2 f5 18. f4 fxe4 19. Bxe4 Nf6 20. Bd3 Bc8 21. Rae1 axb4 22. axb4 Bh3 23. fxe5 dxe5 24. Qb2 Ng4 25. Ne4 Nf5 26. c5 Bxg2 27. Qxg2 Nge3 28. Qd2 Nxf1 29. Rxf1 bxc5 30. bxc5 Ra4 31. d6 cxd6 32. cxd6 Qa7+ 33. Kh1 Rd4 34. Qe2 Qa3 35. Bc4+ Kg7 36. Ng5 Rf6 37. Ne6+ Rxe6 38. Bxe6 Qxd6 39. Bxf5 gxf5 40. Rxf5 Qd5+ 41. Qf3 Rd1+ 42. Kg2 Rd2+ 43. Kh3 Qxf3 44. Rxf3 e4 45. Re3 Rd4 46. Kg4 Kg6 47. Kf4 Rd2 48. h4 Rf2+ 49. Kg4 Rf6 50. Rxe4 h5+ 51. Kh3 Ra6 52. Rb4 Rd6 53. Kg2 Rd2+ 54. Kf3 Rd6 55. Kf4 Rf6+ 56. Ke3 Rc6 57. Kf4 Rf6+ 58. Ke5 Rc6 59. Rd4 Ra6 60. Kf4 Rf6+ 61. Ke3 Re6+ 62. Re4 Ra6 63. Kf3 Rf6+ 64. Kg2 Ra6 65. Kh3 Rb6 66. Rd4 Ra6 67. g4 Ra3+ 68. Kg2 hxg4 69. Rxg4+ Kh5 70. Rb4 1/2-1/2


[Site "https://www.chess.com"]

[Event "Titled Tuesday Blitz December 27 Early 2022"]
[White "Tworuszka, Michal"]
[Black "Silva, Miguel Antonio Neto"]
[WhiteFideId "1117858"]
[BlackFideId "1911929"]
[WhiteElo "2260"]
[BlackElo "2204"]
[Result "1-0"]
[Round "07"]
[TimeControl "180+2"]
[Date "2022.12.27"]
[WhiteClock "0:00:07"]
[BlackClock "0:00:06"]

1. d4 Nf6 2. Nf3 d5 3. c4 e6 4. g3 Be7 5. Bg2 O-O 6. O-O dxc4 7. Qc2 a6 8. Qxc4 b5 9. Qc2 Bb7 10. Bd2 Be4 11. Qc1 c6 12. Be3 Nbd7 13. Nbd2 Bd5 14. Nb3 Rc8 15. Nc5 Bxc5 16. dxc5 a5 17. Rd1 Qe7 18. Qc2 Rfd8 19. Rac1 h6 20. b3 Ra8 21. Bf4 a4 22. b4 e5 23. Be3 Nf8 24. Nh4 Qe6 25. Bxd5 Nxd5 26. a3 Nxe3 27. fxe3 g6 28. e4 Qe7 29. Rxd8 Rxd8 30. Rd1 Ne6 31. Nf3 f6 32. Rxd8+ Qxd8 33. Qd3 Qe7 34. Kf2 Kf7 35. h4 g5 36. hxg5 hxg5 37. Qd1 Ng7 38. Qh1 Qe6 39. Qh8 Qe8 40. Qh7 Qd7 41. Kg2 Qd1 42. Kf2 g4 43. Nh2 Qd4+ 44. Kf1 Qa1+ 45. Kf2 Qxa3 46. Nxg4 Qxb4 47. Nh6+ Ke6 48. Qxg7 Qxc5+ 49. Kg2 Qe7 50. Qg4+ Kd6 51. Nf5+ Kc5 52. Nxe7 b4 53. Qg7 b3 54. Qxf6 b2 55. Qxe5+ Kb4 56. Qxb2+ 1-0


[Site "https://www.chess.com"]

[Event "Titled Tuesday Blitz December 27 Early 2022"]
[White "Vakhlamov, Igor L."]
[Black "Sai Krishna G V"]
[WhiteFideId "24126748"]
[BlackFideId "5028280"]
[WhiteElo "2413"]
[BlackElo "2384"]
[Result "1-0"]
[Round "07"]
[TimeControl "180+2"]
[Date "2022.12.27"]
[WhiteClock "0:00:18"]
[BlackClock "0:01:01"]

1. e4 e5 2. Nf3 Nc6 3. Nc3 Nf6 4. Bb5 Bb4 5. Nd5 Nxd5 6. exd5 Nd4 7. Nxd4 exd4 8. a3 Be7 9. O-O O-O 10. b4 c6 11. Bc4 b5 12. Bd3 cxd5 13. Bb2 Qb6 14. Qh5 f5 15. Rae1 Rf7 16. Re5 Bb7 17. Rfe1 g6 18. Qh6 Bf8 19. Qh4 Bg7 20. Bxd4 Qd8 21. Qxd8+ Rxd8 22. Re8+ Rxe8 23. Rxe8+ Rf8 24. Rxf8+ Kxf8 25. Bxg7+ Kxg7 26. Bxb5 d6 27. d4 Kf6 28. f4 g5 29. g3 Kg6 30. Kf2 gxf4 31. gxf4 Kh5 32. Kg3 Kg6 33. Bd3 Bc6 34. b5 Bd7 35. a4 Kf6 36. Kh4 Kg6 37. a5 Bc8 38. b6 axb6 39. axb6 Bb7 40. Bb5 Kh6 41. Bd7 Kg6 42. Be6 Kf6 43. Bd7 Kg6 44. Bb5 Kh6 45. Be8 Ba8 46. Bf7 Bb7 47. c3 Kg7 48. Bh5 Kf6 49. Be2 Kg6 50. Kg3 Kf6 51. Kf2 Kg6 52. Ke3 Kf6 53. Kd2 Kg6 54. Kc2 Kf6 55. Kb3 Kg6 56. Kb4 h5 57. h4 Kh6 58. Ka5 Kg6 59. Ba6 Bc6 60. b7 Bxb7 61. Bxb7 Kf6 62. Bxd5 Ke7 63. Kb6 Kd8 64. Kc6 Ke7 65. Kc7 Kf6 66. Kxd6 Kg7 67. c4 Kh6 68. c5 Kg6 69. c6 Kh6 70. c7 Kg6 71. c8=Q Kh6 72. Qe6+ Kg7 73. Ke5 Kh8 74. Qg8# 1-0


[Site "https://www.chess.com"]

[Event "Titled Tuesday Blitz December 27 Early 2022"]
[White "Vargas, Mauricio"]
[Black "Jiganchine, Roman"]
[WhiteFideId "4404572"]
[BlackFideId "2603667"]
[WhiteElo "2035"]
[BlackElo "2205"]
[Result "0-1"]
[Round "07"]
[TimeControl "180+2"]
[Date "2022.12.27"]
[WhiteClock "0:00:05"]
[BlackClock "0:00:13"]

1. e4 c6 2. d4 d5 3. e5 Bf5 4. g4 Bd7 5. f4 h5 6. g5 Bf5 7. Ne2 g6 8. Bg2 h4 9. O-O e6 10. h3 c5 11. c3 Nc6 12. Be3 cxd4 13. Nxd4 Nxd4 14. Bxd4 Ne7 15. Nd2 Nc6 16. Be3 Bd3 17. Rf2 Be7 18. Nf3 Be4 19. Qb3 Qd7 20. Bf1 Kf8 21. Bb5 Kg7 22. Rd1 Qc7 23. Qa4 a6 24. Bf1 b5 25. Qb3 Na5 26. Nd4 Nxb3 27. Nxb3 a5 28. Nd4 b4 29. Nb5 Qc6 30. cxb4 axb4 31. Rc1 Qd7 32. b3 Rac8 33. Rd1 Bc5 34. Bd2 Bxf2+ 35. Kxf2 Rc2 36. Ke3 Rhc8 37. Bxb4 Bf5 38. Nd6 Qa7+ 39. Kf3 Be4+ 40. Kg4 Bf5+ 41. Kxh4 Qf2# 0-1


[Site "https://www.chess.com"]

[Event "Titled Tuesday Blitz December 27 Early 2022"]
[White "Vargas Pereda, Jesus Manue"]
[Black "Dilmukhametov, Artur"]
[WhiteFideId "5115710"]
[BlackFideId "24179922"]
[WhiteElo "1851"]
[BlackElo "2276"]
[Result "0-1"]
[Round "07"]
[TimeControl "180+2"]
[Date "2022.12.27"]
[WhiteClock "0:01:40"]
[BlackClock "0:02:17"]

1. d4 Nf6 2. Nf3 g6 3. c4 Bg7 4. Nc3 d6 5. g3 O-O 6. Bg2 Nbd7 7. e4 e5 8. d5 Ne8 9. O-O a5 10. b3 Nc5 11. a3 f5 12. Ng5 f4 13. b4 axb4 14. Nb5 Qxg5 15. h4 Qe7 0-1


[Site "https://www.chess.com"]

[Event "Titled Tuesday Blitz December 27 Early 2022"]
[White "Vasques, Antonio Pedro Freixial"]
[Black "Flis, Pawel"]
[WhiteFideId "1908332"]
[BlackFideId "1112864"]
[WhiteElo "2214"]
[BlackElo "1879"]
[Result "1-0"]
[Round "07"]
[TimeControl "180+2"]
[Date "2022.12.27"]
[WhiteClock "0:02:11"]
[BlackClock "0:01:03"]

1. e4 c5 2. Nc3 Nc6 3. Bb5 Nd4 4. Nf3 Nxb5 5. Nxb5 e6 6. O-O a6 7. Nc3 d6 8. d4 cxd4 9. Qxd4 Nf6 10. Bf4 Be7 11. Bg3 Nh5 12. Rad1 O-O 13. Bxd6 Bxd6 14. Qxd6 Qf6 15. Na4 b5 16. Nb6 Rb8 17. Qxb8 Nf4 18. Nxc8 h6 19. e5 Ne2+ 20. Kh1 1-0


[Site "https://www.chess.com"]

[Event "Titled Tuesday Blitz December 27 Early 2022"]
[White "Vlassov, Nikolai"]
[Black "Zherebtsova, Alexandra"]
[WhiteFideId "4103360"]
[BlackFideId "24129518"]
[WhiteElo "2283"]
[BlackElo "2155"]
[Result "1-0"]
[Round "07"]
[TimeControl "180+2"]
[Date "2022.12.27"]
[WhiteClock "0:00:17"]
[BlackClock "0:00:04"]

1. e4 e5 2. Bc4 Nf6 3. d3 Nc6 4. Nf3 h6 5. Nc3 d6 6. h3 Na5 7. Be3 c6 8. Qe2 Qc7 9. d4 Nxc4 10. Qxc4 Nxe4 11. Nxe4 d5 12. Qe2 dxe4 13. Nxe5 Be6 14. Bf4 Qa5+ 15. c3 Bd5 16. O-O O-O-O 17. c4 Be6 18. Qxe4 g5 19. Bh2 Qb6 20. d5 f5 21. Qe2 cxd5 22. cxd5 Bxd5 23. Rac1+ Bc6 24. Nxc6 bxc6 25. Qe6+ Kb7 26. Qxf5 Bg7 27. Qf7+ Ka8 28. Qxg7 Rhf8 29. Qxh6 Rxf2 30. Rxf2 Rd2 31. Qf8+ Kb7 32. Qb8+ Ka6 33. Qxb6+ axb6 34. Rxd2 Kb5 35. b4 g4 36. hxg4 1-0


[Site "https://www.chess.com"]

[Event "Titled Tuesday Blitz December 27 Early 2022"]
[White "Wagner, Dennis"]
[Black "Bazarov, Konstantin"]
[WhiteFideId "24650684"]
[BlackFideId "4137000"]
[WhiteElo "2595"]
[BlackElo "2235"]
[Result "1-0"]
[Round "07"]
[TimeControl "180+2"]
[Date "2022.12.27"]
[WhiteClock "0:00:35"]
[BlackClock "0:00:25"]

1. d4 d5 2. Nf3 Bf5 3. c4 dxc4 4. Nc3 Nf6 5. e3 e6 6. Bxc4 Nbd7 7. O-O c6 8. Qe2 Be7 9. e4 Bg6 10. Rd1 O-O 11. a3 Qc7 12. h3 Bh5 13. g4 Bg6 14. Nh4 Ne8 15. Nxg6 hxg6 16. Ba2 Nef6 17. Kg2 Rfe8 18. Be3 Rad8 19. Rac1 Qb8 20. f4 Nh7 21. g5 Nb6 22. h4 Bd6 23. e5 Bc7 24. h5 Nf8 25. Rh1 Nd5 26. Nxd5 exd5 27. Bb1 Qc8 28. Rh4 Qe6 29. Rch1 c5 30. h6 cxd4 31. Bxd4 Bb6 32. Bxb6 axb6 33. hxg7 Kxg7 34. Kg3 d4 35. Rh8 d3 36. Qh2 f5 37. Qh7+ Nxh7 38. R1xh7# 1-0


[Site "https://www.chess.com"]

[Event "Titled Tuesday Blitz December 27 Early 2022"]
[White "Wagner, Dinara"]
[Black "Rustemov, Alexander"]
[WhiteFideId "24157570"]
[BlackFideId "4119002"]
[WhiteElo "2417"]
[BlackElo "2525"]
[Result "0-1"]
[Round "07"]
[TimeControl "180+2"]
[Date "2022.12.27"]
[WhiteClock "0:00:07"]
[BlackClock "0:00:06"]

1. d4 d5 2. c4 dxc4 3. Nf3 Nf6 4. e3 e6 5. Bxc4 c5 6. O-O a6 7. b3 Nbd7 8. Bb2 Be7 9. Nbd2 O-O 10. Be2 b6 11. dxc5 Bxc5 12. Nd4 Bb7 13. Bf3 Qb8 14. Rc1 Rc8 15. Nc4 Bxf3 16. Qxf3 Ne5 17. Nxe5 Qxe5 18. Rc2 Bd6 19. Rxc8+ Rxc8 20. g3 Qe4 21. Qxe4 Nxe4 22. Rd1 Be7 23. f3 Nc5 24. Kf2 f6 25. Ke2 Kf7 26. Rc1 a5 27. e4 g6 28. Nb5 e5 29. Nc3 Nd7 30. Nd5 Rxc1 31. Bxc1 Bc5 32. Be3 Bxe3 33. Kxe3 Ke6 34. Kd3 Kd6 35. Kc4 f5 36. a4 fxe4 37. fxe4 Nc5 38. Nxb6 Nxe4 39. Kd3 Nc5+ 40. Kc3 e4 41. Nc4+ Kd5 42. Nxa5 e3 43. Nc4 e2 44. Ne3+ Ke4 45. Kd2 Kf3 46. Nc2 Nxb3+ 47. Ke1 h5 48. a5 Nxa5 49. Nd4+ Kg2 50. Nxe2 Kxh2 51. Kf2 g5 52. Nd4 g4 53. Ne2 Nc4 54. Nf4 h4 55. gxh4 g3+ 56. Kf3 Ne5+ 57. Ke3 Ng6 58. Ne2 g2 59. h5 Ne5 60. h6 Ng4+ 61. Kf3 Nxh6 62. Kf2 Ng4+ 63. Kf3 Nf6 64. Ke3 Nd5+ 65. Kd3 Nf4+ 66. Nxf4 g1=Q 67. Ne2 Qd1+ 68. Ke3 Kh3 69. Nf4+ Kg4 70. Ne2 Qb3+ 71. Kd2 Qa2+ 72. Ke3 Kf5 73. Nd4+ Ke5 74. Ne2 Qa3+ 75. Kf2 Ke4 76. Ng3+ Kf4 77. Ne2+ Kg4 78. Ke1 Qd3 79. Kf2 Qd2 80. Kf1 Kf3 81. Ng1+ Ke3 82. Nh3 Qe2+ 83. Kg1 Kf3 84. Kh1 Kg3 85. Ng1 Qg2# 0-1


[Site "https://www.chess.com"]

[Event "Titled Tuesday Blitz December 27 Early 2022"]
[White "Warchol, Kamil"]
[Black "Ljukin, Sergei"]
[WhiteFideId "21858241"]
[BlackFideId "14102200"]
[WhiteElo "2173"]
[BlackElo "2362"]
[Result "0-1"]
[Round "07"]
[TimeControl "180+2"]
[Date "2022.12.27"]
[WhiteClock "0:00:01"]
[BlackClock "0:00:34"]

1. e4 e6 2. d4 d5 3. Nc3 Bb4 4. e5 Ne7 5. a3 Bxc3+ 6. bxc3 c5 7. Qg4 Qc7 8. Qxg7 Rg8 9. Qxh7 cxd4 10. Ne2 Nbc6 11. h4 Bd7 12. f4 dxc3 13. h5 O-O-O 14. Qd3 d4 15. Nxd4 Nxd4 16. Qxd4 Nf5 17. Qxa7 Qc6 18. Qa8+ Kc7 19. Qa5+ Kb8 20. Qb4 Bc8 21. Rh3 Rd4 22. Qxc3 Re4+ 23. Kd1 Rd8+ 24. Bd2 Qb6 25. Bd3 Qg1+ 26. Be1 Ne3+ 27. Rxe3 Qxe3 28. Qd2 Qxf4 29. Qxf4 Rxf4 30. Kd2 Bd7 31. Bg3 Rg4 32. Bf2 Rxg2 33. Ke3 Bc6 34. Bh4 Rd5 35. Bf6 Rh2 36. Be2 Rc5 37. Rg1 Rc3+ 38. Kd2 Rch3 39. Rg8+ Ka7 40. Kd1 Bf3 41. Bxf3 Rxf3 42. Rg7 Rf1# 0-1


[Site "https://www.chess.com"]

[Event "Titled Tuesday Blitz December 27 Early 2022"]
[White "Weetik, Vjacheslav"]
[Black "Moral Garcia, Serafin"]
[WhiteFideId "4153472"]
[BlackFideId "2201925"]
[WhiteElo "2423"]
[BlackElo "2238"]
[Result "1-0"]
[Round "07"]
[TimeControl "180+2"]
[Date "2022.12.27"]
[WhiteClock "0:00:06"]
[BlackClock "0:00:08"]

1. d4 Nf6 2. Nf3 g6 3. c4 Bg7 4. g3 d5 5. Bg2 O-O 6. O-O dxc4 7. Na3 c3 8. bxc3 c5 9. Ne5 Nc6 10. Nxc6 bxc6 11. Bxc6 Bh3 12. Bg2 Bxg2 13. Kxg2 Ne4 14. Qd3 Nxc3 15. dxc5 Nxe2 16. Qxd8 Rfxd8 17. Rb1 Rac8 18. Be3 Nc3 19. Rb7 Nd5 20. Bg5 Rxc5 21. Rxa7 f6 22. Bd2 Kf7 23. Re1 Bf8 24. Re4 Rc7 25. Rxc7 Nxc7 26. Ba5 Rd7 27. Nc4 e5 28. a4 Ne6 29. Bb6 Nc5 30. Bxc5 Bxc5 31. Re2 Ke6 32. f4 Bd4 33. fxe5 fxe5 34. a5 Kd5 35. Nb6+ Bxb6 36. axb6 Rb7 37. Rb2 e4 38. Kf2 Kd4 39. Ke2 h5 40. h4 Ke5 41. Ke3 Kf5 42. Rb5+ Kg4 43. Rg5+ Kh3 44. Rxg6 Kh2 45. Kxe4 Kh3 46. Kd5 Rf7 47. Kc6 Rf1 48. b7 Rc1+ 49. Kd7 Rb1 50. Kc7 Rc1+ 51. Rc6 Rb1 52. Rc3 1-0


[Site "https://www.chess.com"]

[Event "Titled Tuesday Blitz December 27 Early 2022"]
[White "White, John S."]
[Black "Novikova, Galina"]
[WhiteFideId "2502348"]
[BlackFideId "4157095"]
[WhiteElo "2235"]
[BlackElo "2073"]
[Result "0-1"]
[Round "07"]
[TimeControl "180+2"]
[Date "2022.12.27"]
[WhiteClock "0:00:03"]
[BlackClock "0:00:41"]

1. e4 e6 2. d3 d5 3. Nd2 Nf6 4. Ngf3 g6 5. g3 Bg7 6. Bg2 O-O 7. O-O c5 8. Re1 Nc6 9. exd5 exd5 10. d4 c4 11. c3 Bf5 12. Nf1 Ne4 13. Bf4 b5 14. Ne3 Be6 15. Nc2 a5 16. Ne5 Nxe5 17. Bxe5 Nf6 18. Qf3 Ra7 19. Ne3 Rd7 20. a4 b4 21. Rad1 bxc3 22. bxc3 Ne4 23. Bxg7 Kxg7 24. Nc2 Rb7 25. Rb1 Rb3 26. Rxb3 cxb3 27. Na3 b2 28. Nb5 Bf5 29. Qe3 Qg5 30. Qxg5 Nxg5 31. Bxd5 b1=Q 32. Rxb1 Bxb1 33. f4 Ne4 34. c4 Nf6 35. Bb7 Be4 36. d5 Rb8 37. Nd6 Bc2 38. Bc6 Rb4 39. Bb5 Bxa4 40. Bxa4 Rxa4 41. c5 Nxd5 42. c6 Ra1+ 43. Kf2 Rc1 0-1


[Site "https://www.chess.com"]

[Event "Titled Tuesday Blitz December 27 Early 2022"]
[White "Williams, Simon K"]
[Black "Preotu, Razvan"]
[WhiteFideId "404454"]
[BlackFideId "2613280"]
[WhiteElo "2465"]
[BlackElo "2475"]
[Result "0-1"]
[Round "07"]
[TimeControl "180+2"]
[Date "2022.12.27"]
[WhiteClock "0:00:07"]
[BlackClock "0:00:23"]

1. d4 f5 2. f3 d5 3. e4 fxe4 4. fxe4 dxe4 5. Bc4 Nf6 6. Ne2 Nc6 7. O-O Bg4 8. d5 Ne5 9. Bb3 e6 10. h3 Bc5+ 11. Kh1 h5 12. Bf4 Ng6 13. Bg5 exd5 14. Nbc3 c6 15. Qe1 Qd6 16. Nf4 Nxf4 17. Bxf4 Qe6 18. Na4 Be7 19. hxg4 hxg4+ 20. Kg1 b5 21. Nc3 Bc5+ 22. Be3 Qd6 23. Bxc5 Qxc5+ 24. Qf2 e3 25. Rae1 d4 26. Qf4 O-O-O 27. Ne4 Qh5 28. Qf5+ Qxf5 29. Rxf5 Nxe4 30. Rf4 Ng3 0-1


[Site "https://www.chess.com"]

[Event "Titled Tuesday Blitz December 27 Early 2022"]
[White "Xiong, Jeffery"]
[Black "Hnydiuk, Aleksander"]
[WhiteFideId "2047640"]
[BlackFideId "1109057"]
[WhiteElo "2692"]
[BlackElo "2363"]
[Result "1-0"]
[Round "07"]
[TimeControl "180+2"]
[Date "2022.12.27"]
[WhiteClock "0:01:15"]
[BlackClock "0:00:19"]

1. b4 e5 2. a3 d5 3. Bb2 Bd6 4. Nf3 Qe7 5. e3 Nf6 6. c4 c6 7. d4 e4 8. Nfd2 O-O 9. Nc3 Bg4 10. Qb3 a5 11. b5 Qe6 12. h3 Bh5 13. g4 Bg6 14. g5 a4 15. Qa2 Nh5 16. cxd5 Qe7 17. dxc6 bxc6 18. Be2 Qxg5 19. O-O-O Qe7 20. Nc4 Nf6 21. h4 h5 22. Rhg1 Kh7 23. Rg5 cxb5 24. Nxb5 Bc7 25. d5 Ne8 26. d6 Nxd6 27. Ncxd6 f6 28. Rxg6 Kxg6 29. Qd5 1-0


[Site "https://www.chess.com"]

[Event "Titled Tuesday Blitz December 27 Early 2022"]
[White "Yuan, Qingyu"]
[Black "Ilkhomi, Jaloliddin"]
[WhiteFideId "8609772"]
[BlackFideId "14700948"]
[WhiteElo "2373"]
[BlackElo "1997"]
[Result "1-0"]
[Round "07"]
[TimeControl "180+2"]
[Date "2022.12.27"]
[WhiteClock "0:00:58"]
[BlackClock "0:00:02"]

1. e4 e6 2. d4 d5 3. Nc3 Bb4 4. e5 c5 5. a3 Bxc3+ 6. bxc3 Qa5 7. Bd2 Qa4 8. Qg4 g6 9. h4 h5 10. Qd1 Nc6 11. Nf3 Nge7 12. dxc5 Bd7 13. Bd3 Na5 14. Qb1 Qc6 15. Qb4 b6 16. Be3 Nc4 17. Bxc4 dxc4 18. Qxc4 Rc8 19. O-O Nf5 20. Bg5 Qxc5 21. Qf4 Bc6 22. Nd4 Qc4 23. Nxf5 Qxf4 24. Nd6+ Kd7 25. Bxf4 Bd5 26. Nxc8 1-0


[Site "https://www.chess.com"]

[Event "Titled Tuesday Blitz December 27 Early 2022"]
[White "Zakhartsov, Vladimir"]
[Black "Samunenkov, Ihor"]
[WhiteFideId "4145097"]
[BlackFideId "14187086"]
[WhiteElo "2552"]
[BlackElo "2501"]
[Result "0-1"]
[Round "07"]
[TimeControl "180+2"]
[Date "2022.12.27"]
[WhiteClock "0:00:06"]
[BlackClock "0:00:04"]

1. c4 c5 2. Nf3 Nf6 3. Nc3 Nc6 4. g3 d5 5. cxd5 Nxd5 6. Bg2 g6 7. h4 h6 8. d3 Bg7 9. Bd2 Nc7 10. Qc1 b6 11. h5 Qd6 12. Ne4 Qe6 13. Bh3 f5 14. hxg6 Qxg6 15. Nc3 e5 16. a3 Qf7 17. Bg2 Bb7 18. b4 c4 19. Bxh6 O-O-O 20. Bxg7 Rxh1+ 21. Bxh1 Qxg7 22. Qg5 Qh8 23. Qxf5+ Kb8 24. O-O-O e4 25. Nxe4 Qa1+ 26. Kd2 Qxa3 27. b5 Qb4+ 28. Ke3 Nd5+ 29. Qxd5 Rxd5 30. bxc6 Bxc6 31. Nd4 Rxd4 32. Kxd4 c3+ 33. Ke3 Qb2 34. Rg1 c2 35. Nd2 Bxh1 36. Rxh1 c1=Q 37. Rxc1 Qxc1 38. g4 a5 39. g5 Qc5+ 40. Kf4 Qxf2+ 41. Nf3 Qxe2 42. g6 Qxd3 43. Ne5 Qf1+ 44. Kg5 a4 45. g7 Qg1+ 46. Ng4 Qc5+ 47. Kg6 Qd6+ 48. Nf6 Qg3+ 49. Kf7 a3 50. Nd7+ Kc7 51. Nf8 Qxg7+ 52. Kxg7 a2 53. Ne6+ Kb8 54. Nd4 a1=Q 0-1


[Site "https://www.chess.com"]

[Event "Titled Tuesday Blitz December 27 Early 2022"]
[White "Zemlyanskii, Ivan"]
[Black "Tikhonov, Viacheslav"]
[WhiteFideId "24249971"]
[BlackFideId "44196407"]
[WhiteElo "2300"]
[BlackElo "2220"]
[Result "1-0"]
[Round "07"]
[TimeControl "180+2"]
[Date "2022.12.27"]
[WhiteClock "0:00:24"]
[BlackClock "0:00:59"]

1. d4 Nf6 2. c4 e6 3. Nf3 d5 4. g3 Be7 5. Bg2 O-O 6. Nc3 dxc4 7. Ne5 c5 8. Be3 Nd5 9. Nxc4 Nxe3 10. fxe3 Nc6 11. dxc5 Bxc5 12. Qxd8 Rxd8 13. Ne4 Bb4+ 14. Kf2 e5 15. Rhd1 Be6 16. Ncd6 Rd7 17. a3 Bxd6 18. Rxd6 Rad8 19. Rxd7 Rxd7 20. Nc5 Rd2 21. Nxb7 Ne7 22. b4 Bc4 23. Bf1 Nd5 24. Rc1 Nb6 25. a4 Ba6 26. Nc5 Bc8 27. a5 Na8 28. Nd3 Be6 29. Bg2 f5 30. Bxa8 e4 31. Nf4 Bb3 32. Rc3 Ba2 33. Ke1 Rb2 34. Bd5+ Bxd5 35. Nxd5 Kf7 36. Rc6 g5 37. Rf6+ Kg7 38. Rxf5 Kg6 39. Re5 Kh5 40. Rxe4 Rb1+ 41. Kf2 Rd1 42. Nf6+ Kg6 43. Re6 Kf5 44. Ra6 Rb1 45. Nxh7 g4 46. Rf6+ Ke4 47. Rf4+ Ke5 48. Rxg4 Rh1 49. Rh4 a6 50. Ng5 Kf5 51. Nf3 Rb1 52. e4+ Kg6 53. e5 Kf5 54. Rd4 Rb2 55. g4+ Ke6 56. Rd6+ Ke7 57. Rxa6 Rxb4 58. Kg3 Re4 59. h4 Rxe2 60. h5 Ra2 61. Ra7+ Ke6 62. h6 Ra1 63. h7 Rh1 64. Nh2 Rg1+ 65. Kh3 Kd5 66. h8=Q Ke4 67. e6 Re1 68. e7 Kf4 69. Qf6+ Ke3 70. e8=Q+ Kd2 71. Qd4+ Kc2 72. Qxe1 Kb3 73. Qec3+ Ka2 74. Qb2# 1-0


[Site "https://www.chess.com"]

[Event "Titled Tuesday Blitz December 27 Early 2022"]
[White "Zierk, Steven"]
[Black "Zubritskiy, Artyom"]
[WhiteFideId "2034255"]
[BlackFideId "4181247"]
[WhiteElo "2488"]
[BlackElo "2442"]
[Result "1-0"]
[Round "07"]
[TimeControl "180+2"]
[Date "2022.12.27"]
[WhiteClock "0:00:17"]
[BlackClock "0:00:02"]

1. e4 c5 2. Nf3 Nf6 3. Nc3 Nc6 4. d4 d5 5. dxc5 d4 6. Nb5 e5 7. c3 Bxc5 8. cxd4 exd4 9. e5 Ng4 10. Bf4 O-O 11. Bd3 Bb4+ 12. Kf1 f6 13. e6 Nce5 14. Nxe5 fxe5 15. Qxg4 Rxf4 16. Qh5 e4 17. Bc4 Qe7 18. g3 Rf6 19. Nxd4 g6 20. Qe5 Bc5 21. Rd1 Kg7 22. Qxe4 Bxe6 23. Nxe6+ 1-0


[Site "https://www.chess.com"]

[Event "Titled Tuesday Blitz December 27 Early 2022"]
[White "gshwbedhkhd"]
[Black "Heinemann, Josefine"]
[BlackFideId "12900460"]
[WhiteElo "2577"]
[BlackElo "2289"]
[Result "1/2-1/2"]
[Round "07"]
[TimeControl "180+2"]
[Date "2022.12.27"]
[WhiteClock "0:01:12"]
[BlackClock "0:01:17"]

1. e4 c6 2. Nf3 d5 3. Nc3 Bg4 4. h3 Bxf3 5. Qxf3 e6 6. d4 dxe4 7. Nxe4 Nd7 8. Bd3 Ngf6 9. Bg5 Be7 10. O-O-O Nxe4 11. Bxe7 Qxe7 12. Bxe4 O-O 13. Kb1 Nf6 14. Bd3 Rfd8 15. g4 Rd7 16. h4 Rad8 17. g5 Ne8 18. Qh5 g6 19. Qh6 Qf8 20. Qxf8+ Kxf8 21. c3 c5 22. Bb5 Rd6 23. h5 cxd4 24. hxg6 hxg6 25. Rh8+ Ke7 26. Bxe8 Rxe8 27. Rxe8+ Kxe8 28. Rxd4 Rxd4 29. cxd4 Ke7 30. Kc2 Kd6 31. Kd3 Kd5 32. f4 b5 33. a3 a5 34. b3 a4 35. b4 Kc6 36. Ke4 Kd6 37. Ke3 Kc6 38. Ke4 Kd6 39. Ke3 Kc6 40. Ke4 1/2-1/2


[Site "https://www.chess.com"]